 Dungeon Crawl Stone Soup version 0.14-a0-1403-g5d3c58f (webtiles) character file.

43 4tharraofdagon the Stinger (level 2, 0/27 HPs)
             Began as an Ogre Venom Mage on Dec 10, 2013.
             Succumbed to an adder's poison
             ... on Level 2 of the Dungeon.
             The game lasted 00:02:43 (331 turns).

4tharraofdagon the Stinger (Ogre Venom Mage)         Turns: 331, Time: 00:02:43

HP   0/27        AC  3     Str 12      XL: 2   Next: 75%
MP   2/5         EV 10     Int 19      God:
Gold 24          SH  0     Dex 10      Spells:  1 memorised,  4 levels left

rFire  . . .     SeeInvis .     e - +0,+2 whip
rCold  + . .     Clarity  .     a - +0 robe
rNeg   . . .     Conserve .     (shield restricted)
rPois  .         rCorr    .     (helmet restricted)
rElec  .         rRot     .     (no cloak)
SustAb . .       Spirit   .     (gloves unavailable)
rMut   .         Warding  .     (boots unavailable)
Saprov + . .     Stasis   .     (no amulet)
                                (no ring)
                                i - cursed ring of protection from cold {unknown}

@: brilliant, mildly poisoned, not resistant to hostile enchantments, unstealthy
A: unfitting armour, fast metabolism 1, saprovore 1, tough skin 1
a: no special abilities


You were on level 2 of the Dungeon.
You were not hungry.

You visited 1 branch of the dungeon, and saw 2 of its levels.

You collected 24 gold pieces.

Inventory:

Hand weapons
 e - a +0,+2 whip (weapon)
Missiles
 m - 23 arrows of frost
Armour
 a - a +0 robe (worn)
Comestibles
 c - 2 meat rations
 d - 4 bread rations
 k - a choko
Scrolls
 f - a scroll of random uselessness {unknown}
 h - a scroll of curse weapon {unknown}
 j - a scroll of remove curse {unknown}
 l - 2 scrolls of identify {unknown}
 o - a scroll of teleportation {unknown}
Jewellery
 i - a cursed ring of protection from cold (left hand) {unknown}
Books
 b - a Young Poisoner's Handbook

   Spells                             Type                      Level
   *Sting                             Conjuration/Poison           1
   Cure Poison                        Poison                       2
   Mephitic Cloud                     Conjuration/Poison/Air       3
   Olgreb's Toxic Radiance            Poison                       4
   Venom Bolt                         Conjuration/Poison           5


   Skills:
 + Level 1.5 Fighting
 * Level 2.2 Maces & Flails
 - Level 1.7 Dodging
 - Level 1.5 Stealth
 - Level 0.3 Unarmed Combat
 - Level 2.4 Spellcasting
 - Level 2.9 Poison Magic


You had 4 spell levels left.
You knew the following spells:

 Your Spells              Type           Power        Failure   Level  Hunger
a - Sting                 Conj/Pois      ###.         1%          1    #......


Dungeon Overview and Level Annotations

Branches:
Dungeon (2/16)

Altars:


Innate Abilities, Weirdness & Mutations

You are too large for most types of armour.
You have a fast metabolism.
You can tolerate rotten meat.
You have tough skin (AC +1).


Message History

You see here an adder corpse.
An ooze comes into view.
Found 13 gold pieces.
The bat hits you but does no damage. The bat closely misses you.
The bat hits you but does no damage.
A giant gecko comes into view.
* * * LOW HITPOINT WARNING * * *
You feel sick.
Found an escape hatch in the floor.
The bat hits you.
* * * LOW HITPOINT WARNING * * *
The bat barely misses you. The bat completely misses you.
* * * LOW HITPOINT WARNING * * *
You feel sick. The bat completely misses you. The bat hits you.
* * * LOW HITPOINT WARNING * * *
The bat hits you but does no damage. The giant gecko barely misses you.
Unknown command.
You die...

######.######.........#
#.# #.........# #.#
#.....>..$# #.#
#...J.....# ..#
#.........# .##
######JJ### . ###..###
#...b..# #.@.l..#
#......# +.....>#
#......# #......#
#......# #......#
#...... ###


You could see 2 oozes, a giant gecko and a bat.

Vanquished Creatures
  An adder (D:2)
  2 bats (D:1)
  2 hobgoblins (D:1)
  2 kobolds
  2 goblins (D:1)
  2 rats
11 creatures vanquished.

Notes
Turn   | Place    | Note
--------------------------------------------------------------
     0 | D:1      | 4tharraofdagon, the Ogre Venom Mage, began the quest for the Orb.
     0 | D:1      | Reached XP level 1. HP: 16/16 MP: 3/3
     0 | D:1      | Daniel: i've met with him on dcss stream on twitch not long ago :D
     0 | D:1      | Daniel: and also on a doomrl stream
    53 | D:1      | 4tharraofdagon: oh
   107 | D:1      | Reached skill level 1 in Maces & Flails
   118 | D:1      | Reached skill level 1 in Fighting
   131 | D:1      | Reached XP level 2. HP: 19/27 MP: 0/5
   139 | D:1      | hurdos: ah
   150 | D:1      | Ladykiller69: can I convince you to do something stupid?
   151 | D:1      | Daniel: dat new rat sprite
   169 | D:1      | Daniel: so funny
   219 | D:1      | Torious: i hate new rats :(
   273 | D:2      | Ladykiller69: because I think FoGl with staves is actually viable
   273 | D:2      | Ladykiller69: think about the possibilities!
   273 | D:2      | Ladykiller69: killholes
   273 | D:2      | 4tharraofdagon: i wouldnt be surprised if new rats are Bloax's work :p
   273 | D:2      | Ladykiller69: guaranteed
   296 | D:2      | hurdos: oh, again Fo :)
   329 | D:2      | HP: 1/27 [bat (1)]
   331 | D:2      | Succumbed to an adder's poison

Action                   || total
-------------------------++-------
Melee: Whip              ||    21
 Cast: Sting             ||    18
  Use: Potion            ||     2
